 Dungeon Crawl Stone Soup version 0.17.1-1-g73c8601 (webtiles) character file.

8028 PossumBlood the Cleaver (level 11, -2/81 HPs)
             Began as a Formicid Fighter on Jan 7, 2016.
             Was a High Priest of Makhleb.
             Slain by a spatial maelstrom (14 damage)
             ... on level 1 of the Abyss.
             The game lasted 00:46:34 (9975 turns).

PossumBlood the Cleaver (Formicid Fighter)          Turns: 9975, Time: 00:46:36

Health: -2/81      AC: 13    Str: 23      XL:     11   Next: 48%
Magic:  11/11      EV:  5    Int:  7      God:    Makhleb [*****.]
Gold:   22         SH: 10    Dex:  8 (10) Spells: 0 memorised, 10 levels left

rFire  . . .     SeeInvis +     q - +2 hand axe (elec)
rCold  . . .     Clarity  .     O - +1 plate armour "Xotelluh" {+Inv}
rNeg   . . .     SustAt   .     c - +1 shield
rPois  .         Gourm    .     (helmet unavailable)
rElec  .         Spirit   .     l - +0 cloak
rCorr  .         Warding  .     (no gloves)
rMut   .         Stasis   +     n - +0 pair of boots
MR     +....                    (no amulet)
Stlth  ..........               N - +2 ring of dexterity
                                o - ring of flight

@: somewhat resistant to hostile enchantments, extremely unstealthy
A: permanent stasis, dig shafts and tunnels, four strong arms, antennae 3,
blurry vision 1, clumsy 1, deformed body, deterioration 2, frail 1, weak 1, no
device heal 1, subdued magic 1
a: Dig, Shaft Self, Minor Destruction, Lesser Servant of Makhleb, Major
Destruction, Greater Servant of Makhleb, Renounce Religion, Evoke Invisibility,
Evoke Flight


You were on level 1 of the Abyss.
You worshipped Makhleb.
Makhleb was extremely pleased with you.
You were full.

You visited 1 branch of the dungeon, and saw 11 of its levels.
You visited the Abyss 1 time.

You collected 722 gold pieces.
You spent 700 gold pieces at shops.

Inventory:

Hand Weapons
 i - the +3 rapier of Neymo {holy, *Rage rElec Dex+7}
   (You found it on level 6 of the Dungeon)

   It has been blessed by the Shining One to cause great damage to the undead
   and demons.
   It affects your dexterity (+7).
   It insulates you from electricity.
   It may make you go berserk in combat.
 q - a +2 hand axe of electrocution (weapon)
 x - a +1 hand axe of flaming
 M - a +3 battleaxe
Missiles
 y - 7 tomahawks (quivered)
 A - 3 poisoned javelins
Armour
 c - a +1 shield (worn)
 l - a +0 cloak (worn)
 m - a +1 plate armour
 n - a +0 pair of boots (worn)
 O - the +1 plate armour "Xotelluh" (worn) {+Inv}
   (You bought it in a shop on level 9 of the Dungeon)

   It lets you turn invisible.
Jewellery
 o - a ring of flight (left hand)
 N - a +2 ring of dexterity (right hand)
Wands
 e - a wand of heal wounds (7)
 r - a wand of cold (7)
 C - a wand of disintegration (16)
 F - a wand of magic darts (9)
 H - a wand of magic darts (25)
 I - a wand of fireball (5)
 J - a wand of slowing (23)
 K - a wand of fire (9)
 P - a wand of lightning (2)
Scrolls
 a - a scroll of fog
 b - 4 scrolls of remove curse
Potions
 d - 2 potions of might
 f - 2 potions of flight
 h - 3 potions of ambrosia
 j - a potion of lignification {unknown}
 k - a potion of agility
 p - 4 potions of brilliance
 s - a potion of beneficial mutation {unknown}
 t - a potion of curing
 u - a potion of cure mutation {unknown}
 v - 2 potions of poison {unknown}
 B - 3 potions of cancellation
 E - 3 potions of mutation
 G - a potion of invisibility {unknown}
Comestibles
 g - 7 meat rations
 z - a beef jerky
 D - 7 slices of pizza
 Q - 12 fruits


   Skills:
 + Level 9.7 Fighting
 + Level 12.0 Axes
 - Level 10.2 Armour
 - Level 3.6 Shields


You had 10 spell levels left.
You didn't know any spells.

Dungeon Overview and Level Annotations

Branches:
Dungeon (11/15)            Temple (0/1) D:6            Lair (0/8) D:9
    Orc (0/4) D:10

Altars:
Dithmenos
Elyvilon
Fedhas
Gozag
Makhleb
Okawaru
Sif Muna

Shops:
D:6 }   D:9 [

Annotations:
D:5 exclusion: oklob plant
D:11 Sonja


Innate Abilities, Weirdness & Mutations

You are under a permanent stasis effect.
You can dig through walls and to a lower floor.
Your four strong arms can wield two-handed weapons with a shield.
You have a pair of large antennae on your head (SInv).
[Scrolls take you a little longer to read.]
[You are clumsy. (Dex -2)]
[Armour fits poorly on your strangely shaped body.]
[Your body often deteriorates upon taking damage.]
[You are frail (-10% HP).]
[You are weak. (Str -2)]
[Potions and wands are less effective at restoring your health.]
[Your spells are a little easier to cast, but a little less powerful.]


Message History

The chaos spawn draws strength from your injuries!
You hit the wretched star.
The wretched star is severely damaged.
You hit the chaos spawn.
The chaos spawn is severely wounded.
The chaos spawn gores you but does no damage.
You closely miss the wretched star.
The wretched star is severely damaged.
You hit the chaos spawn.
The chaos spawn is severely wounded.
You hit the spatial maelstrom.
The spatial maelstrom is lightly damaged.
The spatial maelstrom hits you.
* * * LOW HITPOINT WARNING * * *
Space bends around you.
* * * LOW HITPOINT WARNING * * *
The spatial maelstrom hits you!
* * * LOW HITPOINT WARNING * * *
Space warps horribly around you!
You die...

#... .... # #..
...v...####..#
.....∩...#.##.###
# .........#.....
#
...............##
#
................#
.... ...........#
.#.####.##.v3...#
# #.....*@....#
###.####.###... #
.....# # #
#*.###.# # #..#
#.# ..# #.#
#.#..... .......#
......##


You could see a spatial maelstrom, a wretched star, a spatial vortex and a chaos
spawn.

Vanquished Creatures
  A hydra (D:10)
  2 hill giants
  A troll (D:10)
  A trapdoor spider zombie (D:10)
  2 yaks (D:10)
  A wraith (D:10)
  Menkaure (D:7)
  Edmund (D:4)
  2 orc warriors
  3 ice beasts
  A wasp (D:10)
  A phantom (D:8)
  3 sky beasts
  A necrophage (D:8)
  5 centaurs
  A crocodile (D:9)
  3 ogres
  A small abomination (Abyss:1)
  10 giant frogs
  5 big kobolds (D:10)
  A gnoll sergeant (D:9)
  A scorpion (D:9)
  4 wights (D:10)
  9 killer bees (D:10)
  3 crimson imps
  2 centaur zombies
  3 jellies
  8 orc wizards
  A quasit (D:8)
  8 hounds
  2 iguanas
  2 centaur skeletons
  2 giant frog skeletons
  12 worker ants
  11 orc priests
  2 sheep (D:10)
  A killer bee zombie (D:8)
  A hound zombie (D:9)
  2 worker ant zombies
  A hound skeleton (D:6)
  Robin (D:2)
  8 gnolls
  15 adders
  2 shadow imps
  An ufetubus (Abyss:1)
  An ooze (D:6)
  2 adder zombies
  2 worms
  4 giant geckos
  42 orcs
  8 bats
  3 hobgoblins
  13 jackals
  17 kobolds
  A quokka (D:4)
  A ball python (D:4)
  5 giant cockroaches
  A giant gecko zombie (D:6)
  5 giant newts
  11 goblins
  2 jackal skeletons (D:6)
  A jackal zombie (D:5)
  9 rats
  2 fungi
  4 plants (D:9)
283 creatures vanquished.

Vanquished Creatures (others)
  A quokka (D:6)
  A rat (D:3)
  3 fungi (D:9)
5 creatures vanquished.

Grand Total: 288 creatures vanquished

Notes
Turn   | Place    | Note
--------------------------------------------------------------
     0 | D:1      | PossumBlood the Formicid Fighter began the quest for the Orb.
     0 | D:1      | Reached XP level 1. HP: 18/18 MP: 1/1
   172 | D:1      | Reached XP level 2. HP: 24/24 MP: 2/2
   911 | D:2      | Reached XP level 3. HP: 30/30 MP: 3/3
   964 | D:2      | Reached skill level 4 in Fighting
  1258 | D:2      | Reached XP level 4. HP: 24/37 MP: 4/4
  1539 | D:2      | Noticed Robin
  1550 | D:2      | Killed Robin
  2096 | D:3      | Reached XP level 5. HP: 43/43 MP: 5/5
  2710 | D:4      | Reached skill level 5 in Fighting
  2859 | D:4      | Reached XP level 6. HP: 47/51 MP: 6/6
  3158 | D:4      | Noticed Edmund
  3184 | D:4      | Killed Edmund
  3184 | D:4      | Reached skill level 5 in Axes
  3362 | D:4      | Reached XP level 7. HP: 49/56 MP: 7/7
  3485 | D:4      | Reached skill level 5 in Armour
  3777 | D:4      | Reached skill level 6 in Axes
  4081 | D:5      | Entered Level 5 of the Dungeon
  4122 | D:5      | Reached XP level 8. HP: 49/62 MP: 8/8
  4400 | D:5      | Found a blossoming altar of Fedhas.
  4427 | D:5      | Noticed an oklob plant
  4789 | D:5      | Reached skill level 7 in Axes
  5430 | D:6      | Found a burning altar of Makhleb.
  5433 | D:6      | Became a worshipper of Makhleb the Destroyer
  5536 | D:6      | Found a white marble altar of Elyvilon.
  5620 | D:6      | Found a white marble altar of Elyvilon.
  5645 | D:6      | Reached XP level 9. HP: 66/69 MP: 9/9
  5659 | D:6      | Found a deep blue altar of Sif Muna.
  5724 | D:6      | Reached skill level 8 in Axes
  5906 | D:6      | Reached * piety under Makhleb
  5951 | D:6      | Found Emakhlahi's Gadget Emporium.
  5994 | D:6      | Got a crystal rapier
  5995 | D:6      | Identified the +3 rapier of Neymo {holy, *Rage rElec Dex+7} (You found it on level 6 of the Dungeon)
  6235 | D:6      | Found a staircase to the Ecumenical Temple.
  6478 | D:7      | Reached skill level 9 in Axes
  6482 | D:7      | Reached ** piety under Makhleb
  6596 | D:7      | Noticed Menkaure
  6603 | D:7      | Killed Menkaure
  6928 | D:7      | Noticed a hill giant
  6940 | D:7      | Killed a hill giant
  6940 | D:7      | Reached XP level 10. HP: 71/80 MP: 10/10
  7081 | D:8      | Reached skill level 10 in Axes
  7131 | D:8      | Found an iron altar of Okawaru.
  7464 | D:8      | Found a shadowy altar of Dithmenos.
  7481 | D:8      | Reached *** piety under Makhleb
  7576 | D:8      | Found an opulent altar of Gozag.
  7841 | D:9      | Found a staircase to the Lair.
  8175 | D:9      | Found Gudas's Antique Armour Shop.
  8272 | D:10     | Entered Level 10 of the Dungeon
  8461 | D:10     | Found a staircase to the Orcish Mines.
  8658 | D:10     | Reached skill level 11 in Axes
  8692 | D:10     | Reached **** piety under Makhleb
  8692 | D:10     | Reached skill level 10 in Armour
  8941 | D:10     | Reached XP level 11. HP: 86/86 MP: 11/11
  8943 | D:10     | Noticed a hill giant
  8950 | D:10     | Killed a hill giant
  9381 | D:9      | Bought a fine plate armour for 700 gold pieces
  9391 | D:9      | Identified the +1 plate armour "Xotelluh" {+Inv} (You bought it in a shop on level 9 of the Dungeon)
  9516 | D:10     | Noticed a three-headed hydra
  9527 | D:10     | Killed a two-headed hydra
  9527 | D:10     | Reached ***** piety under Makhleb
  9527 | D:10     | Reached skill level 12 in Axes
  9852 | D:11     | Noticed Sonja
  9855 | D:11     | Cast into the Abyss (Sonja)
  9960 | Abyss:1  | Noticed a wretched star
  9968 | Abyss:1  | Noticed a spatial maelstrom
  9975 | Abyss:1  | Slain by a spatial maelstrom

Action                   |  1- 3 |  4- 6 |  7- 9 | 10-12 || total
-------------------------+-------+-------+-------+-------++-------
Melee: War axe           |   125 |   173 |    66 |       ||   364
       Hand axe          |       |       |   274 |   351 ||   625
Throw: Tomahawk          |       |       |     6 |       ||     6
 Abil: Dig               |       |       |       |     1 ||     1
  Use: Scroll            |       |    15 |     4 |     5 ||    24
       Potion            |       |     1 |     4 |       ||     5
  Eat: Fruit             |     1 |     1 |       |       ||     2
       Bread ration      |       |     2 |     2 |     1 ||     5
       Pizza             |       |     1 |     1 |       ||     2
       Beef jerky        |       |       |     1 |     1 ||     2
       Meat ration       |       |       |       |     1 ||     1
